 Dungeon Crawl Stone Soup version 0.28-a0-511-gcc94558de3 (webtiles) character file.

Game seed: 6953111318891536815

235 Gwenloh the Slasher (level 6, 0/47 HPs)
             Began as a Human Fighter on Sept 22, 2021.
             Succumbed to a kobold brigand's poison
             ... on level 4 of the Dungeon.
             The game lasted 00:17:27 (3369 turns).

Gwenloh the Slasher (Human Fighter)                 Turns: 3369, Time: 00:17:27

Health: 0/47       AC: 10    Str: 16    XL:     6   Next: 26%
Magic:  6/6        EV:  9    Int:  9    God:
Gold:   122        SH:  5    Dex: 14    Spells: 5/5 levels left

rFire   . . .      SeeInvis .   a - +0 long sword
rCold   . . .      Faith    .   c - +0 buckler
rNeg    . . .      Spirit   .   p - +0 scale mail
rPois   .          Reflect  .   (no helmet)
rElec   .          Harm     .   (no cloak)
rCorr   .          Rampage  .   (no gloves)
Will    .....                   (no boots)
Stlth   +.........              (no amulet)
HPRegen 0.15/turn               i - +4 ring of protection
MPRegen 0.10/turn               (no ring)

@: mighty, lethally poisoned (0 -> -29)
A: no striking features
a: no special abilities


You were on level 4 of the Dungeon.
You visited 1 branch of the dungeon, and saw 4 of its levels.

You collected 122 gold pieces.

Inventory:

Hand Weapons
 a - a +0 long sword (weapon)
 b - a +0 hunting sling
Missiles
 h - 122 stones
 l - 2 boomerangs
 m - 3 atropa-tipped darts
 r - 15 poisoned darts (quivered)
Armour
 c - a +0 buckler (worn)
 n - a +0 kite shield
 p - a +0 scale mail (worn)
Jewellery
 i - a +4 ring of protection (left hand)
Wands
 q - a wand of iceblast (13)
Scrolls
 e - a scroll of teleportation {unknown}
 g - a scroll of enchant armour {unknown}
 j - 3 scrolls of enchant weapon {unknown}
 k - 4 scrolls of identify {unknown}
 o - a scroll of fear {unknown}
 s - a scroll of amnesia {unknown}
Potions
 f - 2 potions of degeneration {unknown}


   Skills:
 - Level 3.0 Fighting
 + Level 4.4 Long Blades
 - Level 3.0 Armour
 + Level 3.2 Stealth
 - Level 4.0 Shields


You had 5 spell levels left.
You didn't know any spells.
Your spell library was empty.

Dungeon Overview and Level Annotations

Branches:
Dungeon (4/15)
 Temple: D:4-7

Altars:
Qazlal
Sif Muna
Yredelemnul


Message History

You climb upwards.
There is a stone staircase leading down here.
You start resting.
HP restored.
a - a +0 long sword (weapon)
You climb downwards.
There is a stone staircase leading up here.
You slash the kobold brigand!
The kobold brigand is moderately wounded.
The kobold brigand hits you with a +0 whip of venom!
You are poisoned.
You barely miss the kobold brigand.
The kobold brigand is moderately wounded.
You feel very sick.
The kobold brigand hits you with a +0 whip of venom.
You feel very mighty all of a sudden.
You feel sick.
The kobold brigand hits you with a +0 whip of venom.
You are more poisoned.
You barely miss the kobold brigand.
The kobold brigand is moderately wounded.
You feel very sick.
The kobold brigand hits you with a +0 whip of venom.
You are lethally poisoned!
You barely miss the kobold brigand.
The kobold brigand is moderately wounded.
* * * LOW HITPOINT WARNING * * *
You feel extremely sick.
The kobold brigand hits you but does no damage.
You are more poisoned.
The kobold brigand closely misses you.
You hit the kobold brigand.
The kobold brigand is heavily wounded.
* * * LOW HITPOINT WARNING * * *
You feel extremely sick.
The kobold brigand hits you but does no damage.
You are more poisoned.
You miss the kobold brigand.
The kobold brigand is heavily wounded.
You die...

#.......# ####.......#
### #..........# #..
.....##.....# #.. ♣.###
#.....# #.. ♣
#.....###########..
#.........K........
#..K##..)..........
##@#####...........
####<# ##..........
♣.......## ###..........
..####...###............
####..................
............#.........
###....####....##...
#..### ##...#####.
#.###..## #...## #.


You could see a kobold brigand.

Vanquished Creatures
  A howler monkey (D:1)
  A jelly (D:2)
  An iguana (D:4)
  6 adders
  6 dart slugs
  2 orcs
  7 ball pythons
  3 bats
  4 endoplasms
  A giant cockroach (D:1)
  4 goblins
  4 hobgoblins
  2 jackals (D:1)
  6 kobolds
  3 quokkas
  A frilled lizard (D:1)
  A kobold zombie (D:3)
  26 rats
79 creatures vanquished.

Notes
Turn   | Place    | Note
-------+----------+-------------------------------------------
     0 | D:1      | Gwenloh the Human Fighter began the quest for the Orb.
     0 | D:1      | Reached XP level 1. HP: 18/18 MP: 1/1
   182 | D:1      | Reached XP level 2. HP: 24/24 MP: 2/2
   871 | D:1      | Reached XP level 3. HP: 29/29 MP: 3/3
  1052 | D:2      | Reached skill level 1 in Stealth
  1093 | D:2      | Reached XP level 4. HP: 32/35 MP: 4/4
  1447 | D:2      | Found a shimmering blue altar of Sif Muna.
  1479 | D:1      | Reached XP level 5. HP: 28/41 MP: 5/5
  1850 | D:2      | Found a faded altar of an unknown god.
  2233 | D:3      | Found a stormy altar of Qazlal.
  2395 | D:3      | Reached XP level 6. HP: 46/47 MP: 6/6
  2456 | D:3      | Noticed a fire elemental
  2460 | D:3      | Noticed an air elemental
  2462 | D:3      | Noticed a water elemental
  2528 | D:3      | Found a runed translucent door.
  2528 | D:3      | Noticed a human
  2541 | D:3      | Found a basalt altar of Yredelemnul.
  3369 | D:4      | Succumbed to a kobold brigand's poison

Illustrated notes

Levels and vault maps discovered:
D:1:      lightli_arrival_isolated_outpost, layout_basic
D:2:      layout_basic, hellmonk_ecumenical_altar_inner_sanctum, basic_altar,
          minmay_rat_hole
D:3:      layout_loops_ring, nicolae_qazlal_style_of_elements,
          dk_yredelemnul_ordeal, minmay_strange_pillars
D:4:      layout_layer_cave, fedhas_altar_4, minmay_misc_feat_cross,
          minmay_fountain_box, minmay_crystal_room, nrook_uturn, minivault_14,
          nrook_campfire, grunt_decor_resistance

Skill      XL: |  1  2  3  4  5  6 |
---------------+-------------------+-----
Long Blades    | 3 4 |  4.4
Stealth        | 1 2 3 |  3.2
Shields        | 4 |  4.0
Fighting       | |  3.0
Armour         | |  3.0

Action                   |  1- 3 |  4- 6 || total
-------------------------+-------+-------++-------
Melee: Long sword        |    61 |   146 ||   207
 Fire: Hunting sling     |       |     7 ||     7
Throw: Stone             |     7 |    21 ||    28
       Boomerang         |       |    27 ||    27
  Use: Potion            |       |     1 ||     1
Armor: Scale mail        |    25 |    46 ||    71
Dodge: Dodged            |    17 |    47 ||    64
Block: Buckler           |     9 |    33 ||    42

Table legend: (Time is in decaauts)
 A = Elapsed time spent in this place.
 B = Non-inter-level travel time spent in this place.
 C = Inter-level travel time spent in this place.
 D = Time resting spent in this place.
 E = Time spent auto-exploring this place.
 F = Levels seen in this place.
 G = Mean time per level.
                   A        B        C        D        E       F      G
               +--------+--------+--------+--------+--------+-----+--------+
         Total |   3435 |   3310 |    125 |    498 |    566 |   4 |  858.8 |
       Dungeon |   3435 |   3310 |    125 |    498 |    566 |   4 |  858.8 |
               +--------+--------+--------+--------+--------+-----+--------+

Top non-repeatable levels by time:
     D:2: 1260 daAuts
     D:1: 1036 daAuts
     D:3: 865 daAuts
     D:4: 273 daAuts
